 Dungeon Crawl Stone Soup version 0.23-a0-494-g91793a9 (webtiles) character file.

198 CrossKnight the Twirler (level 5, -7/39 HPs)
             Began as a Demonspawn Gladiator on Dec 3, 2018.
             Killed by divine providence
             ... invoked by an orc priest
              (12 damage)
             ... on level 4 of the Dungeon.
             The game lasted 00:15:58 (3906 turns).

CrossKnight the Twirler (Demonspawn Gladiator)      Turns: 3906, Time: 00:15:59

Health: -7/39      AC:  7    Str: 15    XL:     5   Next: 47%
Magic:  0/5        EV: 15    Int: 10    God:
Gold:   183        SH:  0    Dex: 14    Spells: 4/4 levels left

rFire    x . .     SeeInvis .   a - +0 quarterstaff
rCold    + . .     Gourm    .   (shield currently unavailable)
rNeg     . . .     Faith    .   e - +1 leather armour {rPois}
rPois    +         Spirit   +   (helmet restricted)
rElec    .         Reflect  .   i - +2 cloak {+Inv}
rCorr    .         Harm     .   (no gloves)
MR       .....                  (no boots)
Stlth    +.........             p - amulet of magic regeneration
HPRegen  0.13/turn              g - ring of ice
MPRegen  0.34/turn              (no ring)

@: no status effects
A: antennae 1, repulsion field 1, magic shield
a: Evoke Invisibility


You were on level 4 of the Dungeon.
You were not hungry.

You visited 1 branch of the dungeon, and saw 4 of its levels.

You collected 183 gold pieces.

Inventory:

Hand Weapons
 a - a +0 quarterstaff (weapon)
Missiles
 d - 3 throwing nets (quivered)
Armour
 b - a +0 leather armour
 c - a +0 helmet
 e - a +1 leather armour of poison resistance (worn)
 i - a +2 cloak of invisibility (worn)
Jewellery
 g - a ring of ice (left hand)
 p - an amulet of magic regeneration (around neck)
Scrolls
 h - 3 scrolls of teleportation {unknown}
 k - 3 scrolls of identify {unknown}
 l - 4 scrolls of remove curse {unknown}
 o - a scroll of fear {unknown}
 r - a scroll of noise {unknown}
Potions
 j - a potion of degeneration {unknown}
 m - a potion of magic {unknown}
 n - a potion of haste {unknown}
 q - 2 potions of might {unknown}
 s - a potion of flight {unknown}
 t - a potion of curing {unknown}
 u - a potion of cancellation {unknown}
Comestibles
 f - 4 rations


   Skills:
 + Level 2.3 Fighting
 + Level 4.2 Staves
 + Level 1.7 Throwing
 + Level 1.8 Armour
 + Level 3.6 Dodging
 + Level 0.9 Stealth


You had 4 spell levels left.
You didn't know any spells.
Your spell library contained the following spells:

 Spells                   Type           Power        Failure   Level  Hunger
 Beastly Appendage        Tmut           #.....       43%         1    ##.....
 Sticks to Snakes         Tmut           #.......     56%         2    ###....
 Spider Form              Tmut/Pois      #.........   80%         3    ####...
 Ice Form                 Ice/Tmut       #.......     99%         4    #####..
 Blade Hands              Tmut           #.........   100%        5    ######.


Dungeon Overview and Level Annotations

Branches:
Dungeon (4/15)
 Temple: D:4-7

Altars:
Ashenzari
Gozag
Vehumet
Zin


Innate Abilities, Weirdness & Mutations

You have a pair of small antennae on your head.
You are surrounded by a mild repulsion field. (EV +2)
When hurt, damage is shared between your health and your magic reserves.


Message History

You hit the crimson imp but do no damage.
The leopard gecko closely misses you. The quokka closely misses you.
The orc hits you.
* * * LOW HITPOINT WARNING * * *
The crimson imp hits you but does no damage.
The leopard gecko barely misses you.
You closely miss the crimson imp.
The quokka bites you but does no damage.
The leopard gecko misses you. The orc misses you.
The crimson imp blinks!
The quokka bites you but does no damage.
The orc closely misses you.
You hit the orc.
The orc is almost dead.
The quokka bites you.
* * * LOW HITPOINT WARNING * * *
The leopard gecko barely misses you. The orc barely misses you.
The crimson imp blinks!
The orc priest mumbles some strange prayers to Beogh against you.
Beogh smites you!
You die...

.........#
...........#
.....(.....#
5[..♣......+
...........#
...).).....#
.......o...#
.......or..#
..§....@l..#
...........#
############


You could see an orc priest, a crimson imp, an orc, a leopard gecko and a
quokka.

Vanquished Creatures
  A jelly (D:2)
  7 adders
  An ooze (D:2)
  5 worms
  2 dart slugs
  5 leopard geckos
  2 orcs
  7 bats
  3 giant cockroaches
  13 goblins
  8 hobgoblins
  3 jackals (D:2)
  2 quokkas
  5 frilled lizards
  2 kobolds
  11 rats
77 creatures vanquished.

Notes
Turn   | Place    | Note
-------+----------+-------------------------------------------
     0 | D:1      | CrossKnight the Demonspawn Gladiator began the quest for
                  | the Orb.
     0 | D:1      | Reached XP level 1. HP: 16/16 MP: 1/1
   214 | D:1      | Reached skill level 3 in Staves
   248 | D:1      | Gained mutation: When hurt, damage is shared between your
                  | health and your magic reserves. [demonic ancestry]
   248 | D:1      | Reached XP level 2. HP: 18/22 MP: 2/2
  1122 | D:2      | Gained mutation: You have a pair of small antennae on your
                  | head. [demonic ancestry]
  1122 | D:2      | Reached XP level 3. HP: 19/27 MP: 1/3
  1157 | D:2      | Found a glowing silver altar of Zin.
  1250 | D:2      | Found an opulent altar of Gozag.
  1555 | D:2      | Found a radiant altar of Vehumet.
  1566 | D:2      | Reached XP level 4. HP: 22/33 MP: 2/4
  1687 | D:2      | Reached skill level 1 in Armour
  2359 | D:2      | Reached skill level 4 in Staves
  2519 | D:3      | Found a shattered altar of Ashenzari.
  2714 | D:3      | Gained mutation: You are surrounded by a mild repulsion
                  | field. (EV +2) [demonic ancestry]
  2714 | D:3      | Reached XP level 5. HP: 38/38 MP: 5/5
  3906 | D:4      | Killed from afar by an orc priest

Vault maps used:
D:1:      dpeg_arrival_round_c
D:2:      minmay_chambers_of_twos, zin_scriptorium, lemuel_crystal_altar,
          vehumet_crystals, first_ration
D:3:      minmay_door_path, ashenzari_conservatory_becter
D:4:      lemuel_coloured_pillars_altar, nemelex_xobeh_ov_fountains_minmay,
          kennysheep_generic_room_16, uniq_pikel

Skill      XL: |  1  2  3  4 |
---------------+-------------+-----
Staves         | 3 4 |  4.2
Dodging        | 3 |  3.6
Armour         | 1 |  1.8
Fighting       | |  2.3
Throwing       | |  1.7
Stealth        | |  0.9

Action                   |  1- 3 |  4- 6 || total
-------------------------+-------+-------++-------
Melee: Quarterstaff      |   105 |   159 ||   264
 Stab: Sleeping          |       |     1 ||     1
  Eat: Ration            |     1 |     2 ||     3
Armor: Leather armour    |    50 |    86 ||   136
Dodge: Dodged            |   124 |   202 ||   326

Table legend:
 A = Non-vault XP
 B = Vault XP
 C = Vault XP percentage of total XP
 D = Non-vault monster count
 E = Vault monster count
 F = Vault count percentage of total count
                 A         B        C        D         E       F
            +---------+---------+-------+---------+---------+-------
      Total |     259 |      24 |   8.5 |      66 |      11 |  14.3
            +---------+---------+-------+---------+---------+-------
        D:1 |      26 |       0 |   0.0 |      14 |       0 |   0.0
        D:2 |     141 |      17 |  10.8 |      29 |       8 |  21.6
        D:3 |      89 |       7 |   7.3 |      22 |       3 |  12.0
        D:4 |       3 |       0 |   0.0 |       1 |       0 |   0.0
            +---------+---------+-------+---------+---------+-------
